 Dungeon Sprint DCSS version 0.19.1-1-g22dce08 (webtiles) character file.

15265 dvd the Bludgeoner (level 11, -3/126 (127) HPs)
             Began as a Troll Berserker on Jan 6, 2017.
             Was the Champion of Trog.
             Slain by the 27-headed Lernaean hydra (4 damage)
             ... in the Dungeon (Sprint III: "The Ten Rune Challenge").
             The game lasted 00:13:54 (1772 turns).

dvd the Bludgeoner (Troll Berserker)                Turns: 1772, Time: 00:13:55

HP:   -3/126 (127)  AC:  6    Str: 27    XL:     11   Next: 99%
MP:   10/10         EV: 20    Int:  3    God:    Trog [******]
Gold: 5958          SH:  4    Dex: 17    Spells: 0 memorised, 10 levels left

rFire  + . .     SeeInvis .     a - +4 morningstar (protect)
rCold  . . .     Gourm    +     v - +1 robe {rF+}
rNeg   . . .     Faith    .     (no shield)
rPois  .         Spirit   .     (helmet restricted)
rElec  .         Reflect  .     (no cloak)
rCorr  .         Harm     .     (gloves unavailable)
MR     .....     Clarity  +     (boots unavailable)
Stlth  ++........ NoTele   +    (no amulet)
                                (no ring)
                                j - +3 ring of dexterity

@: no status effects
A: unfitting armour, claws 3, repulsion field 1, large bone plates 1, agile 1,
blink, clarity, fast metabolism 3, gourmand, regeneration 1, shaggy fur 1, tough
skin 2
a: Blink, Berserk, Trog's Hand, Brothers in Arms, Burn Spellbooks, Renounce
Religion


You were in the Dungeon.
You worshipped Trog.
Trog was exalted by your worship.
You were very full.

You visited 1 branch You collected 5996 gold pieces.
You spent 38 gold pieces at shops.

Inventory:

Hand Weapons
 a - a +4 morningstar of protection (weapon)
 b - a +4 quarterstaff of protection
 k - a +0 long sword of holy wrath
 l - the +3 demon whip of Noon {drain, rN+ Int+5}
   (Trog gifted it to you in the Dungeon)

   A truly terrible weapon, it drains the life of those it strikes.
   It affects your intelligence (+5).
   It protects you from negative energy.
 s - the +0 quarterstaff of Judgement {freeze, rPois Str-2 Dex+3}
   (Trog gifted it to you in the Dungeon)

   It has been specially enchanted to freeze those struck by it, causing extra
   injury to most foes and up to half again as much damage against particularly
   susceptible opponents.
   It can also slow down cold-blooded creatures.
   It affects your strength (-2).
   It affects your dexterity (+3).
   It protects you from poison.
 w - a +7 antimagic giant spiked club
Missiles
 h - 11 large rocks (quivered)
 x - 4 silver javelins
Armour
 v - a +1 robe of fire resistance (worn)
Jewellery
 j - a +3 ring of dexterity (left claw)
Scrolls
 i - a scroll of blinking
 m - 2 scrolls of identify
 n - a scroll of recharging
Potions
 d - 2 potions of curing
 e - a potion of heal wounds
 f - a potion of haste
 g - 2 potions of magic
 p - 4 potions of cure mutation
 q - 3 potions of flight
 r - a potion of degeneration {unknown}
 t - a potion of might
 u - a potion of lignification {unknown}
Comestibles
 c - 2 bread rations
 o - a royal jelly


   Skills:
 + Level 13.2 Fighting
 + Level 16.8(17.7) Maces & Flails
 + Level 9.6(13.6) Staves
 + Level 2.0 Throwing
 + Level 11.9 Dodging
 + Level 3.2 Stealth


You had 10 spell levels left.
You didn't know any spells.

Dungeon Overview and Level Annotations

Branches:
Dungeon (1/1)

Altars:
Cheibriados
Dithmenos
Elyvilon
Fedhas
Gozag
Hepliaklqana
Kikubaaqudgha
Makhleb
Nemelex Xobeh
Okawaru
Qazlal
Ru
Sif Muna
Trog
Uskayaw
Vehumet
Xom
Yredelemnul
Zin
The Shining One
Beogh
Jiyva
Lugonu

Shops:
D :%(?

Annotations:
D Lernaean hydra


Innate Abilities, Weirdness & Mutations

You are too large for most types of armour.
You have claws for hands.
Your metabolism is lightning-fast.
You like to eat raw meat.
Your natural rate of healing is unusually fast.
You are covered in fur. (AC +1)
You have very tough skin. (AC +2)
You are surrounded by a mild repulsion field. (EV +2)
You are partially covered in large bone plates. (SH +4)
You are agile. (Dex +2)
You can translocate small distances at will.
You possess an exceptional clarity of mind.


Message History

Your deep troll goes berserk!
You feel somewhat less full. The 27-headed Lernaean hydra bites you!
The 27-headed Lernaean hydra bites you. x2
The 27-headed Lernaean hydra bites you!
The 27-headed Lernaean hydra closely misses you.
The 27-headed Lernaean hydra bites you!
The 27-headed Lernaean hydra bites you. x3
The 27-headed Lernaean hydra bites you but does no damage.
The 27-headed Lernaean hydra bites you. The 27-headed Lernaean hydra bites you!
The 27-headed Lernaean hydra bites you. x3
* * * LOW HITPOINT WARNING * * *
The 27-headed Lernaean hydra misses you.
The 27-headed Lernaean hydra bites you!
* * * LOW HITPOINT WARNING * * *
The 27-headed Lernaean hydra bites you!
* * * LOW HITPOINT WARNING * * *
The 27-headed Lernaean hydra bites you!
* * * LOW HITPOINT WARNING * * *
The 27-headed Lernaean hydra misses you.
The 27-headed Lernaean hydra bites you.
You die...

** #.♣♣ *,,,,,,,,,,, ,*** #♣.♣
*,,,,,,,,,,, ,,,** ♣.♣♣ *#####
***********, ,,,,** ♣♣≈♣ *...φ#
**,,,,,,,,,, *,,,,* ♣.♣♣ *.DD.#
*,,,,,,,,,,, **,,,* ♣.♣♣ *....#
*,,********* ,*,,** ♣≈.♣♣#...#*
*,,,,,,,,,,, **,,,* ♣♣.♣♣.####♣♣
**,,,,,,,,,, *,,,,* ♣♣†♣♣≈D@.P♣
**********, ,,,,** ♣♣..♣♣♣♣♣♣T♣
**,,,,,,,,,, ,,,** ♣.≈≈...§P§.♣
*∩,,,,,,,,,, ,*** ♣.≈.≈.§§.§≈♣
*∩,********* ** ♣.♣.≈≈§≈.§.♣
*∩,,,,,,,,,, ♣♣♣♣♣♣♣♣∩∩∩♣
**,,,,,,,,,, ♣♣♣♣♣ ***********
*********************************
,,,,,,**,+,,*,,,,,,,**,≈,,,,≈,*,,


You could see the 27-headed Lernaean hydra and a friendly deep troll (berserk).

Vanquished Creatures
  Rupert (D)
  Dowan (D)
  Josephine (D)
  A centaur warrior (D)
  4 death yaks (D)
  An orc high priest (D)
  An unseen horror (D)
  2 swamp dragons (D)
  A deep elf mage (D)
  2 spiny frogs (D)
  Duvessa (D)
  2 black mambas (D)
  A rime drake (D)
  A komodo dragon (D)
  3 wandering mushrooms (D)
  8 blink frogs (D)
  A shadow (D)
  A spatial vortex (D)
  3 swamp drakes (D)
  A necrophage (D)
  An orc warrior (D)
  2 centaurs (D)
  An earth elemental (D)
  A water elemental (D)
  A scorpion (D)
  A jelly (D)
  Jessica (D)
  A wizard (D)
  A necromancer (D)
  A kobold demonologist (D)
  3 humans (D)
  2 oozes (D)
  2 orcs (D)
  A rat (D)
  A plant (D)
57 creatures vanquished.

Vanquished Creatures (collateral kills)
  An orc knight (D)
  2 orc warriors (D)
  An orc priest (D)
  An orc wizard (D)
  9 orcs (D)
14 creatures vanquished.

Vanquished Creatures (others)
  2 draconian scorchers (D)
  6 hellions (D)
  A yaktaur (D)
  A plant (D)
10 creatures vanquished.

Grand Total: 81 creatures vanquished

Notes
Turn   | Place    | Note
-------+----------+-------------------------------------------
     0 | D        | dvd the Troll Berserker began the quest for the Orb.
     0 | D        | Reached XP level 1. HP: 22/22 MP: 0/0
     6 | D        | Reached skill level 3 in Maces & Flails
     8 | D        | Reached XP level 2. HP: 29/31 MP: 1/1
    17 | D        | Noticed Jessica
    21 | D        | Killed Jessica
    21 | D        | Reached ** piety under Trog
    21 | D        | Reached skill level 4 in Maces & Flails
    21 | D        | Reached XP level 3. HP: 39/39 MP: 2/2
    54 | D        | Killed a hellion
    82 | D        | Killed a hellion
    83 | D        | Killed a hellion
    84 | D        | Killed a hellion
    84 | D        | Killed a hellion
    85 | D        | Noticed a scorpion
    95 | D        | Killed a scorpion
    95 | D        | Reached skill level 5 in Maces & Flails
    95 | D        | Reached XP level 4. HP: 49/49 MP: 3/3
   111 | D        | Gained mutation: You possess an exceptional clarity of mind. [potion of mutation]
   111 | D        | Gained mutation: You are surrounded by a mild repulsion field. (EV +2) [potion of mutation]
   112 | D        | Gained mutation: You are partially covered in large bone plates. (SH +4) [potion of mutation]
   112 | D        | Gained mutation: You are agile. (Dex +2) [potion of mutation]
   112 | D        | Gained mutation: You can translocate small distances at will. [potion of mutation]
   122 | D        | Killed a white draconian scorcher
   123 | D        | Killed a hellion
   148 | D        | Killed a yaktaur
   153 | D        | Reached *** piety under Trog
   189 | D        | Noticed a water elemental
   197 | D        | Killed a water elemental
   197 | D        | Reached skill level 5 in Fighting
   197 | D        | Reached skill level 6 in Maces & Flails
   197 | D        | Reached skill level 5 in Dodging
   197 | D        | Reached XP level 5. HP: 29/57 MP: 4/4
   205 | D        | Killed a white draconian scorcher
   257 | D        | Found a radiant altar of Vehumet.
   257 | D        | Found a deep blue altar of Sif Muna.
   257 | D        | Found an ancient bone altar of Kikubaaqudgha.
   261 | D        | Noticed a ynoxinul
   261 | D        | Paralysed by fainting for 7 turns
   265 | D        | Noticed an orange demon
   268 | D        | Noticed a rust devil
   272 | D        | Reached **** piety under Trog
   308 | D        | Found a glowing silver altar of Zin.
   308 | D        | Found a glowing golden altar of the Shining One.
   308 | D        | Found a white marble altar of Elyvilon.
   309 | D        | Noticed a deep elf mage
   315 | D        | Killed a deep elf mage
   315 | D        | Reached ***** piety under Trog
   315 | D        | Reached skill level 9 in Maces & Flails
   315 | D        | Reached XP level 6. HP: 71/71 MP: 5/5
   315 | D        | Reached XP level 7. HP: 78/78 MP: 6/6
   361 | D        | Found a hide-covered altar of Uskayaw.
   361 | D        | Found a roughly hewn altar of Beogh.
   361 | D        | Found an iron altar of Okawaru.
   361 | D        | Found a bloodstained altar of Trog.
   361 | D        | Noticed a human
   363 | D        | Noticed a human
   368 | D        | Killed a human
   375 | D        | Killed a human
   375 | D        | Reached skill level 10 in Maces & Flails
   393 | D        | Found a basalt altar of Yredelemnul.
   393 | D        | Found a shadowy altar of Dithmenos.
   393 | D        | Found a sacrificial altar of Ru.
   397 | D        | Received a gift from Trog
   402 | D        | Reached XP level 8. HP: 82/88 MP: 7/7
   427 | D        | Found a blossoming altar of Fedhas.
   427 | D        | Found a stormy altar of Qazlal.
   427 | D        | Found a snail-covered altar of Cheibriados.
   427 | D        | Found a burning altar of Makhleb.
   427 | D        | Found a shimmering altar of Xom.
   428 | D        | Found a hazy altar of Hepliaklqana.
   428 | D        | Found an opulent altar of Gozag.
   428 | D        | Found a sparkling altar of Nemelex Xobeh.
   428 | D        | Found a corrupted altar of Lugonu.
   428 | D        | Found a viscous altar of Jiyva.
   441 | D        | Reached skill level 11 in Maces & Flails
   510 | D        | Noticed Josephine
   519 | D        | Killed Josephine
   519 | D        | Reached skill level 12 in Maces & Flails
   519 | D        | Reached skill level 1 in Stealth
   519 | D        | Reached XP level 9. HP: 99/99 MP: 8/8
   597 | D        | Received a gift from Trog
   598 | D        | Noticed an orc high priest
   602 | D        | Reached ****** piety under Trog
   611 | D        | Killed an orc high priest
   611 | D        | Reached skill level 10 in Dodging
   623 | D        | Reached skill level 13 in Maces & Flails
   626 | D        | Noticed an orc knight
   640 | D        | Killed an orc knight
   640 | D        | Reached skill level 10 in Fighting
   642 | D        | Received a gift from Trog
   646 | D        | Reached skill level 1 in Throwing
   653 | D        | Received a gift from Trog
   667 | D        | Found Wucleror's Magic Scroll Shoppe.
   744 | D        | Bought a scroll of magic mapping for 38 gold pieces
   857 | D        | Noticed a centaur warrior
   869 | D        | Killed a centaur warrior
   871 | D        | Reached XP level 10. HP: 107/110 MP: 9/9
   960 | D        | Killed an unseen horror
   960 | D        | Reached skill level 5 in Staves
  1008 | D        | Noticed Dowan
  1008 | D        | Noticed Duvessa
  1013 | D        | Killed Dowan
  1013 | D        | Reached skill level 14 in Maces & Flails
  1026 | D        | Killed Duvessa
  1026 | D        | Received a gift from Trog
  1029 | D        | Got a slimy demon whip {god gift}
  1030 | D        | Identified the +3 demon whip of Noon {drain, rN+ Int+5} (Trog gifted it to you in the Dungeon)
  1116 | D        | Noticed a spiny frog
  1116 | D        | Noticed a spiny frog
  1120 | D        | Killed a spiny frog
  1122 | D        | Killed a spiny frog
  1290 | D        | Reached skill level 15 in Maces & Flails
  1319 | D        | Reached XP level 11. HP: 97/121 MP: 10/10
  1322 | D        | Received a gift from Trog
  1396 | D        | Noticed Rupert
  1417 | D        | Killed Rupert
  1455 | D        | Noticed a death yak
  1456 | D        | Noticed a death yak
  1463 | D        | Noticed a death yak
  1465 | D        | Killed a death yak
  1465 | D        | Reached skill level 16 in Maces & Flails
  1469 | D        | Noticed a death yak
  1475 | D        | Killed a death yak
  1487 | D        | Killed a death yak
  1487 | D        | Received a gift from Trog
  1490 | D        | Killed a death yak
  1495 | D        | Received a gift from Trog
  1516 | D        | Got a translucent quarterstaff {god gift}
  1517 | D        | Identified the +0 quarterstaff of Judgement {freeze, rPois Str-2 Dex+3} (Trog gifted it to you in the Dungeon)
  1638 | D        | Noticed an azure jelly
  1638 | D        | Noticed an azure jelly
  1675 | D        | Found Tiuroass's Book Shoppe.
  1675 | D        | Found Tuomyes's Food Boutique.
  1675 | D        | Found Seqyph's Antique Weapon Emporium.
  1675 | D        | Noticed a swamp dragon
  1675 | D        | Noticed a swamp dragon
  1686 | D        | Killed a swamp dragon
  1689 | D        | Killed a swamp dragon
  1689 | D        | Received a gift from Trog
  1768 | D        | Noticed a four-headed hydra
  1768 | D        | Noticed the 27-headed Lernaean hydra
  1772 | D        | HP: 1/126 [the 27-headed Lernaean hydra (9)]
  1772 | D        | Slain by the 27-headed Lernaean hydra

Skill      XL: |  1  2  3  4  5  6  7  8  9 10 11 |
---------------+----------------------------------+-----
Maces & Flails | 3 4 5 6 9 10 12 13 15 16 | 16.8
Fighting       | 3 4 5 7 8 9 10 11 13 | 13.2
Dodging        | 3 4 5 7 8 9 10 11 | 11.9
Stealth        | 1 2 3 |  3.2
Staves         | 4 7 9 |  9.6
Throwing       | 1 2 |  2.0

Action                   |  1- 3 |  4- 6 |  7- 9 | 10-12 || total
-------------------------+-------+-------+-------+-------++-------
Melee: Mace              |    16 |    23 |    47 |       ||    86
       Quarterstaff      |       |       |    37 |    22 ||    59
       Morningstar       |       |       |    21 |   153 ||   174
Throw: Large rock        |       |       |     2 |     2 ||     4
Invok: Berserk           |     2 |     3 |     3 |     4 ||    12
       Burn Spellbooks   |       |     1 |       |       ||     1
       Brothers in Arms  |       |       |     1 |     3 ||     4
       Trog's Hand       |       |       |     1 |       ||     1
  Use: Potion            |       |     2 |       |       ||     2
       Scroll            |       |       |     5 |       ||     5
 Stab: Sleeping          |       |     1 |       |     2 ||     3
  Eat: Chunk             |     1 |       |    13 |    14 ||    28
       Meat ration       |       |     1 |       |       ||     1
       Royal jelly       |       |       |     1 |       ||     1
Armor: Animal skin       |     4 |     8 |     2 |       ||    14
       Robe              |       |       |     7 |    22 ||    29
Dodge: Dodged            |     6 |    10 |    43 |    87 ||   146
Block: Other             |       |     2 |     7 |    10 ||    19
